 Dungeon Crawl Stone Soup version 0.26-a0-259-g1effd001a9 (webtiles) character file.

Game seed: 15587094607096949312

9293 sanka the Nimble (level 11, -3/80 HPs)
             Began as a Halfling Brigand on July 17, 2020.
             Was a Priest of Ru.
             Slain by a white ugly thing (9 damage)
             ... on level 10 of the Dungeon.
             The game lasted 00:33:25 (15852 turns).

sanka the Nimble (Halfling Brigand)                Turns: 15852, Time: 00:33:26

Health: -3/80      AC: 13    Str: 15    XL:     11   Next: 71%
Magic:  11/11      EV: 31    Int: 16    God:    Ru [***...]
Gold:   345        SH:  0    Dex: 20    Spells: 10/10 levels left

rFire    . . .     SeeInvis .   b - +2 flail (vorpal)
rCold    + . .     Faith    +   (shield restricted)
rNeg     . . .     Spirit   .   F - +2 leather armour {rC+}
rPois    +         Reflect  .   v - +0 helmet
rElec    .         Harm     .   R - scarf {repulsion}
rCorr    .                      S - +1 pair of gloves "Loxo" {*Corrode rPois Str+3 Int+9}
MR       .....                  P - +0 pair of boots
Stlth    +++.......             Q - amulet of faith
HPRegen  0.23/turn              m - +4 ring of protection
MPRegen  0.12/turn              O - +4 ring of evasion

@: brilliant, flying, lightly drained, repel missiles
A: small, dopey 1, mutation resistance 1, inability to use devices, inability to
train armour
a: Draw Out Power, Renounce Religion


You were on level 10 of the Dungeon.
You worshipped Ru.
Ru was most pleased with you.
You were not hungry.

You visited 2 branches of the dungeon, and saw 12 of its levels.
You also visited: Ossuary.

You collected 1009 gold pieces.
You spent 664 gold pieces at shops.


Innate Abilities, Weirdness & Mutations

You are small and have problems with some larger weapons.
You are dopey. (Int -2)
You are somewhat resistant to further mutation.
You cannot study or use magical devices.
You cannot train Armour skill.


   Skills:
 + Level 9.1(9.0) Fighting
 - Level 3.0(2.9) Short Blades
 - Level 4.0(3.9) Throwing
 + Level 14.6(14.5) Dodging
 - Level 5.0(4.9) Stealth


You had 10 spell levels left.
You didn't know any spells.
Your spell library contained the following spells:

 Spells                   Type           Power        Failure   Level
 Foxfire                  Conj/Fire      #...         30%         1
 Magic Dart               Conj           #...         30%         1
 Summon Small Mammal      Summ           #...         30%         1
 Blink                    Tloc           N/A          43%         2
 Call Imp                 Summ           #.......     43%         2
 Slow                     Hex            #.......     43%         2
 Call Canine Familiar     Summ           #.......     67%         3
 Conjure Flame            Conj/Fire      #.......     67%         3
 Inner Flame              Hex/Fire       #.......     67%         3
 Mephitic Cloud           Conj/Pois/Air  #.......     67%         3
 Summon Guardian Golem    Hex/Summ       #.......     67%         3
 Cause Fear               Hex            #.........   97%         4
 Sticky Flame             Conj/Fire      #.......     97%         4
 Summon Ice Beast         Ice/Summ       #.......     97%         4
 Summon Lightning Spire   Summ/Air       #.......     97%         4
 Fireball                 Conj/Fire      #.........   100%        5
 Irradiate                Conj/Tmut      #.........   100%        5
 Hydra Form               Tmut           #.........   100%        6
 Statue Form              Tmut/Erth      #........    100%        6
 Dragon Form              Tmut           #.........   100%        7
 Dragon's Call            Summ           #.........   100%        9

Inventory:

Hand Weapons
 a - a +2 dagger
 b - a +2 vorpal flail (weapon)
 B - a +0 quarterstaff
 E - a +0 vorpal falchion
Missiles
 d - 38 poisoned darts (quivered)
 e - 2 curare-tipped darts {=f}
 s - 2 throwing nets {=f}
 D - 7 atropa-tipped darts
Armour
 v - a +0 helmet (worn)
 F - a +2 leather armour of cold resistance (worn)
 P - a +0 pair of boots (worn)
 R - a scarf of repulsion (worn)
 S - the +1 pair of gloves "Loxo" (worn) {*Corrode rPois Str+3 Int+9}

   It affects your strength (+3).
   It affects your intelligence (+9).
   It protects you from poison.
   It may corrode you when you take damage.
Jewellery
 k - an uncursed ring of ice
 m - a +4 ring of protection (left hand)
 G - an uncursed amulet of the acrobat
 O - a +4 ring of evasion (right hand)
 Q - an amulet of faith (around neck)
Scrolls
 h - 4 scrolls of teleportation {@r4}
 j - 6 scrolls of remove curse
 l - 2 scrolls of blinking
 n - a scroll of fear
 p - 3 scrolls of magic mapping
 u - 2 scrolls of amnesia
 y - a scroll of fog
 A - a scroll of immolation {!r}
 C - 4 scrolls of enchant armour
 N - a scroll of summoning
Potions
 c - a potion of might {unknown}
 g - a potion of berserk rage {unknown}
 i - 11 potions of curing {@q1}
 o - 3 potions of ambrosia
 q - 5 potions of flight
 r - a potion of cancellation {unknown}
 t - 3 potions of lignification {unknown}
 w - 3 potions of heal wounds {unknown}
 x - 3 potions of stabbing {unknown}
 z - 2 potions of brilliance
 H - a potion of invisibility {unknown}
 I - a potion of resistance {unknown}
 J - 2 potions of haste {unknown}
 L - a potion of magic {unknown}
 M - a potion of mutation {unknown}
Comestibles
 f - 21 rations

Dungeon Overview and Level Annotations

Branches:
Dungeon (11/15)            Temple (1/1) D:4            Lair (0/6) D:10
    Orc (0/2) D:9         Ossuary (visited)

Altars:
Ashenzari
Cheibriados
Dithmenos
Elyvilon
Fedhas
Gozag
Hepliaklqana
Kikubaaqudgha
Makhleb
Nemelex Xobeh
Okawaru
Qazlal
Ru
Sif Muna
Trog
Uskayaw
Vehumet
Wu Jian
Xom
Yredelemnul
Zin
The Shining One

Shops:
D:10

[ ......▒ ▒...........▒
▒........ ......▒
▒...▒▒▒▒▒▒..▒ ▒.▒▒▒▒▒▒▒
......▒▒▒▒▒...▒ ▒..▒ ▒.▒
..............▒ ▒..▒ ▒.▒
..........∩...▒ ▒..▒ ▒.▒
..............▒ ▒..▒ ▒.▒
........▒▒....▒▒▒▒▒▒..▒ ▒.▒
........▒▒............▒ ▒.▒
▒▒▒▒▒...▒▒......pu....▒▒▒.▒▒
▒ ▒...▒▒..▒▒▒▒▒▒▒▒...[[..▒ ▒
▒...▒▒..▒ ▒.▒▒▒▒..▒ ▒
▒.......▒ ▒.▒ ▒..▒
▒▒▒▒▒.......▒ ▒.▒ ▒..▒▒▒▒▒▒
........▒▒▒▒▒ ▒.▒▒▒▒........
........▒ ▒.............
..▒▒....▒ ▒.............
..▒▒....▒▒▒▒▒ ▒.............


You could see a white ugly thing.


Message History

The white ugly thing freezes you! You resist.
* * * LOW HITPOINT WARNING * * *
The white ugly thing barely misses you.
Unknown command.
It was a potion of curing.
The white ugly thing tail-slaps you but does no damage.
The white ugly thing barely misses you.
You hit the white ugly thing but do no damage.
The white ugly thing is heavily wounded.
The white ugly thing tail-slaps you!
* * * LOW HITPOINT WARNING * * *
The white ugly thing freezes you. You resist.
* * * LOW HITPOINT WARNING * * *
You hit the white ugly thing but do no damage.
The white ugly thing is heavily wounded.
The white ugly thing completely misses you.
The white ugly thing misses you.
It was a potion of flight.
You feel very buoyant.
You fly up into the air.
The white ugly thing closely misses you.
It was a potion of brilliance.
You feel clever all of a sudden. The white ugly thing tail-slaps you.
* * * LOW HITPOINT WARNING * * *
The white ugly thing freezes you! You resist.
You die...

Action                   |  1- 3 |  4- 6 |  7- 9 | 10-12 || total
-------------------------+-------+-------+-------+-------++-------
Melee: Dagger            |    95 |   221 |   764 |   893 ||  1973
       Falchion          |       |       |    34 |       ||    34
       Flail             |       |       |       |   218 ||   218
Throw: Dart              |    11 |    21 |    57 |    57 ||   146
Invok: Sacrifice Artific |       |       |     1 |       ||     1
       Sacrifice Purity  |       |       |     1 |       ||     1
       Sacrifice Durabil |       |       |       |     1 ||     1
  Use: Scroll            |       |       |    12 |     3 ||    15
       Potion            |       |       |     1 |     5 ||     6
 Stab: Sleeping          |     7 |    11 |    17 |     7 ||    42
       Distracted        |       |       |     2 |     4 ||     6
       Invisible         |       |       |       |     2 ||     2
  Eat: Ration            |     1 |     2 |     5 |     5 ||    13
Armor: Robe              |    19 |    23 |     8 |       ||    50
       Leather armour    |       |       |    91 |   150 ||   241
Dodge: Dodged            |    95 |   151 |   668 |  1333 ||  2247
       Repelled          |       |       |       |     4 ||     4
       Rpst.: Falchion   |       |       |    18 |       ||    18

Levels and vault maps discovered:
D:1:      lordsloth_arrival_two_stooges, layout_loops_ring, minmay_heptomino_d4
D:2:      minmay_door_path, layout_basic, minitemple, overflow_temple_1_default,
          minmay_goblin_kobold_house, uniq_natasha, uniq_jessica
D:3:      layout_basic
D:4:      layout_basic, minmay_temple_entry_offerings, first_ration, uniq_edmund
D:5:      layout_basic, lemuel_doored_altar, lemuel_zombie_altar_yredelemnul,
          nicolae_ossuary_entry_giza, bh_walls_and_bars
D:6:      layout_basic, serial_park_tiny_2, uniq_eustachio
D:7:      layout_rooms, basic_altar, chequers_serial_rivers_marsh,
          kennysheep_dice
D:8:      layout_basic, minivault_22
D:9:      layout_basic, xom_redecorated, david_orc_2, the_bakery,
          kennysheep_generic_room_2, uniq_grum, uniq_psyche
D:10:     layout_small_grid, lair_entry_dummy, serial_shops, shop,
          hangedman_decor_lopped
D:11:     layout_loops_ring, uniq_erica
Temple:   dpeg_chambers_temple

Notes
Turn   | Place    | Note
-------+----------+-------------------------------------------
     0 | D:1      | sanka the Halfling Brigand began the quest for the Orb.
     0 | D:1      | Reached XP level 1. HP: 14/14 MP: 1/1
   310 | D:1      | Reached XP level 2. HP: 19/19 MP: 2/2
   357 | D:1      | Reached skill level 2 in Fighting
   672 | D:1      | Reached skill level 3 in Short Blades
   672 | D:1      | Reached XP level 3. HP: 24/24 MP: 3/3
   907 | D:1      | Reached skill level 2 in Dodging
  1069 | D:2      | Reached skill level 5 in Stealth
  1289 | D:2      | Noticed Natasha
  1290 | D:2      | Found a snail-covered altar of Cheibriados.
  1325 | D:2      | Killed Natasha
  1325 | D:2      | Reached skill level 3 in Dodging
  1325 | D:2      | Reached XP level 4. HP: 7/29 MP: 4/4
  1370 | D:2      | Noticed Natasha
  1590 | D:2      | Killed Natasha
  1734 | D:2      | Reached skill level 4 in Dodging
  1734 | D:2      | Reached XP level 5. HP: 34/34 MP: 5/5
  2014 | D:2      | Noticed Jessica
  2021 | D:2      | Killed Jessica
  2189 | D:2      | Noticed Natasha
  2205 | D:2      | Killed Natasha
  2205 | D:2      | Reached XP level 6. HP: 36/39 MP: 6/6
  2621 | D:2      | Found an ornate altar of the Wu Jian Council.
  2625 | D:2      | Found an ancient bone altar of Kikubaaqudgha.
  2625 | D:2      | Found a sparkling altar of Nemelex Xobeh.
  2628 | D:2      | Found a glowing golden altar of the Shining One.
  2743 | D:3      | Reached skill level 3 in Throwing
  2779 | D:3      | Reached skill level 5 in Dodging
  3901 | D:4      | Reached XP level 7. HP: 31/45 MP: 7/7
  4003 | D:4      | Found a staircase to the Ecumenical Temple.
  4012 | Temple   | Entered the Ecumenical Temple
  4219 | Temple   | Became a worshipper of Ru the Awakened
  4289 | D:4      | Reached skill level 4 in Throwing
  4415 | D:4      | Noticed Edmund
  4462 | D:4      | Killed Edmund
  4462 | D:4      | Reached skill level 6 in Dodging
  4494 | D:4      | Reached skill level 7 in Dodging
  4830 | D:4      | Reached XP level 8. HP: 45/50 MP: 8/8
  5298 | D:5      | Entered Level 5 of the Dungeon
  5368 | D:5      | Reached skill level 8 in Dodging
  5616 | D:5      | Found a white marble altar of Elyvilon.
  5675 | D:5      | Found a sand-covered staircase.
  5690 | Ossuary  | Entered an ossuary
  6040 | Ossuary  | Reached skill level 9 in Dodging
  6379 | D:5      | Gained mutation: You cannot study or use magical devices.
                  | [Ru sacrifice]
  6379 | D:5      | Reached * piety under Ru
  6379 | D:5      | Reached ** piety under Ru
  7254 | D:5      | Found a basalt altar of Yredelemnul.
  7347 | D:6      | Noticed Eustachio
  7383 | D:6      | Killed Eustachio
  7383 | D:6      | Reached skill level 10 in Dodging
  7449 | D:6      | Reached XP level 9. HP: 54/54 MP: 9/9
  8223 | D:7      | Reached skill level 11 in Dodging
  8748 | D:7      | Found a snail-covered altar of Cheibriados.
  8808 | D:7      | Reached skill level 3 in Fighting
  9600 | D:8      | Reached skill level 4 in Fighting
 10052 | D:7      | Reached skill level 12 in Dodging
 10228 | D:8      | Gained mutation: You are dopey. (Int -2) [Ru sacrifice]
 10248 | D:8      | Reached XP level 10. HP: 58/65 MP: 10/10
 10822 | D:8      | Reached skill level 5 in Fighting
 11212 | D:9      | Noticed Grum
 11281 | D:9      | Killed Grum
 11560 | D:9      | Found a shimmering altar of Xom.
 11560 | D:9      | Found a shimmering altar of Xom.
 11560 | D:9      | Found a shimmering altar of Xom.
 11561 | D:9      | Found a shimmering altar of Xom.
 11626 | D:9      | Noticed a two-headed ogre
 11658 | D:9      | Killed a two-headed ogre
 11658 | D:9      | Reached skill level 6 in Fighting
 11658 | D:9      | Reached skill level 13 in Dodging
 11669 | D:9      | Found a staircase to the Orcish Mines.
 12215 | D:9      | Noticed Psyche
 12457 | D:9      | Noticed a two-headed ogre
 12477 | D:9      | HP: 6/69 [Psyche/+1 dagger of distortion (1)]
 12490 | D:9      | HP: 6/69 [Psyche/magic dart (3)]
 12913 | D:9      | Killed Psyche
 12913 | D:9      | Reached skill level 7 in Fighting
 13231 | D:9      | Reached XP level 11. HP: 75/75 MP: 11/11
 13334 | D:10     | Entered Level 10 of the Dungeon
 13958 | D:10     | Found Rymyo's Antique Armour Shop.
 13969 | D:10     | Gained mutation: You cannot train Armour skill. [Ru
                  | sacrifice]
 13969 | D:10     | Reached *** piety under Ru
 13980 | D:10     | Bought a pair of fine gloves for 332 gold pieces
 13985 | D:10     | Identified the +1 pair of gloves "Loxo" {*Corrode rPois
                  | Str+3 Int+9} (You bought it in a shop on level 10 of the
                  | Dungeon)
 14076 | D:10     | HP: 5/77 [acid (9)]
 14215 | D:9      | Killed a two-headed ogre
 14215 | D:9      | Reached skill level 8 in Fighting
 14215 | D:9      | Reached skill level 14 in Dodging
 14504 | D:10     | Found a staircase to the Lair.
 15436 | D:10     | Bought a heavily runed chain mail for 332 gold pieces
 15446 | D:10     | Identified the +3 chain mail "Sowepp" {+Inv Regen+ Slay+2}
                  | (You bought it in a shop on level 10 of the Dungeon)
 15515 | D:11     | Reached skill level 9 in Fighting
 15794 | D:11     | Noticed a white ugly thing
 15836 | D:10     | HP: 8/80 [white ugly thing (12)]
 15852 | D:10     | HP: 6/80 [white ugly thing (4)]
 15852 | D:10     | Slain by a white ugly thing

Vanquished Creatures
  2 two-headed ogres (D:9)
  Psyche (D:9)
  A gargoyle (D:11)
  2 trolls (D:10)
  A hippogriff (D:10)
  A spriggan (D:9)
  3 yaks (D:10)
  Eustachio (D:6)
  Grum (D:9)
  A steam dragon (D:10)
  Edmund (D:4)
  4 orc warriors
  An ice beast (D:10)
  4 sky beasts
  A necrophage (D:9)
  2 phantoms (D:9)
  3 ogres
  4 wolves (D:9)
  6 centaurs
  5 bullfrogs
  A big kobold (D:8)
  A gnoll sergeant (D:8)
  A wyvern zombie (D:11)
  A water moccasin skeleton (D:9)
  7 scorpions
  7 killer bees (D:10)
  3 wights (D:11)
  7 howler monkeys
  2 electric eels (D:7)
  2 bullfrog zombies
  2 centaur zombies
  4 jellies
  2 bullfrog skeletons
  7 orc priests
  6 hounds
  2 centaur skeletons
  7 iguanas
  Jessica (D:2)
  Natasha (thrice) (D:2)
  6 orc wizards
  8 worker ants
  A hound skeleton (D:4)
  9 mummies
  20 gnolls
  A howler monkey skeleton (D:7)
  8 adders
  A shadow imp (D:7)
  2 white imps
  An ufetubus (D:8)
  4 oozes
  2 adder skeletons (D:7)
  3 worms
  5 leopard geckos
  29 orcs
  6 giant cockroaches
  10 goblins
  6 hobgoblins
  8 jackals
  9 kobolds
  3 quokkas
  A ball python (D:4)
  7 bats
  4 frilled lizards
  5 gnoll zombies
  2 goblin zombies (D:5)
  3 hobgoblin zombies (Ossuary)
  2 jackal zombies
  A kobold zombie (Ossuary)
  2 leopard gecko skeletons
  An orc zombie (Ossuary)
  9 rats
290 creatures vanquished.

Vanquished Creatures (others)
  An ice beast (D:5)
  A wight (D:11)
  A howler monkey (D:11)
  An orc priest (D:9)
  An orc wizard (D:8)
  An orc (D:10)
6 creatures vanquished.

Grand Total: 296 creatures vanquished
